Map: Cradle of Death

Players

Alebay

  • Race: Protoss Protoss
  • Spawn Location: 0:00

MattBarry

  • Race: Protoss Protoss
  • League: Gold
  • Spawn Location: 0:00

VOD

Have the link to the VOD?

Description

Time

  • Played on: Jan. 23, 2023, 11:04 p.m.
  • Length: 22:42
Show
View Real Time Build Order
Export as new Build Order

Alebay Protoss 

Build Orders:  

Get SALT Encoding   

  12  0:02  Probe (Chrono Boost)  
  13  0:11  Unknown  
  13  0:16  Probe (Chrono Boost)  
  14  0:29  Probe (Chrono Boost)  
  15  0:42  Probe (Chrono Boost)  
  15  0:43  Pylon  
  16  0:55  Probe (Chrono Boost)  
  17  1:09  Gateway  
  17  1:11  Cybernetics Core  
  17  1:12  Probe (Chrono Boost)  
  18  1:25  Probe (Chrono Boost)  
  18  1:27  Assimilator  
  19  1:38  Probe (Chrono Boost)  
  20  1:47  Assimilator  
  20  1:51  Probe (Chrono Boost)  
  20  1:53  Pylon  
  21  2:05  Probe (Chrono Boost)  
  22  2:14  Legionnaire  
  22  2:19  Probe (Chrono Boost)  
  26  2:28  Warp Gate  
  26  2:32  Probe (Chrono Boost)  
  26  2:38  Kaldalis' A.I. Personality  
  27  2:44  Legionnaire  
  27  2:45  Probe (Chrono Boost)  
  31  2:53  Pylon  
  32  3:00  Probe (Chrono Boost)  
  32  3:13  Pylon  
  32  3:18  Adept  
  35  3:43  Gateway, Probe (Chrono Boost)  
  35  3:45  Forge  
  35  3:48  Twilight Council  
  35  4:11  Adept  
  37  4:30  Charge  
  34  4:40  Legionnaire  
  34  4:47  Purifier Armaments  
  37  4:55  Gateway  
  37  4:57  Gateway  
  37  4:59  Pylon  
  37  5:03  Legionnaire  
  37  5:04  Adept  
  42  5:16  Psionic Projection  
  42  5:29  Pylon  
  42  5:30  Adept x2  
  46  5:56  Protoss Ground Weapons Level 1  
  46  6:11  Legionnaire x2  
  43  6:41  Adept x4  
  44  7:15  Adept x3  
  44  7:16  Adept  
  52  7:26  Empowered Blades  
  52  7:44  Pylon  
  52  7:46  Pylon  
  52  7:47  Pylon  
  52  7:51  Unknown  
  52  8:18  Nexus  
  52  8:24  Talis' A.I. Personality  
  52  8:26  Pylon  
  52  8:34  Observation Protocol  
  52  8:59  Probe (Chrono Boost)  
  53  9:06  Pylon, Protoss Ground Armor Level 1  
  53  9:15  Adept  
  53  9:17  Adept  
  58  9:30  Probe (Chrono Boost)  
  58  9:41  Debilitation System  
  58  9:43  Adept x2  
  58  9:47  Probe (Chrono Boost)  
  60  9:59  Probe (Chrono Boost)  
  61  10:04  Probe (Chrono Boost)  
  62  10:22  Forge  
  62  10:25  Pylon  
  62  10:28  Gateway  
  62  10:31  Gateway  
  62  10:47  Adept x2  
  62  10:48  Adept  
  68  10:56  Probe (Chrono Boost)  
  70  11:01  Protoss Ground Weapons Level 2  
  70  11:02  Probe (Chrono Boost)  
  70  11:30  Protoss Shields Level 1  
  70  11:32  Probe (Chrono Boost)  
  70  11:37  Probe (Chrono Boost)  
  72  11:45  Probe (Chrono Boost)  
  73  11:54  Probe (Chrono Boost)  
  56  12:20  Adept x3  
  56  12:21  Adept x3  
  68  12:58  Legionnaire  
  68  12:59  Legionnaire x3  
  80  13:00  Legionnaire x2  
  86  13:12  Probe (Chrono Boost)  
  86  13:17  Probe (Chrono Boost)  
  88  13:25  Probe (Chrono Boost)  
  89  13:33  Probe (Chrono Boost)  
  86  13:51  Adept x3  
  86  13:52  Adept x3, Protoss Ground Weapons Level 3  
  98  14:09  Assimilator  
  98  14:12  Assimilator  
  98  14:21  Protoss Ground Armor Level 2  
  98  14:22  Legionnaire x2  
  98  14:23  Legionnaire x3  
  113  14:51  Adept x3  
  113  14:56  Probe (Chrono Boost)  
  121  15:00  Probe (Chrono Boost)  
  121  15:09  Probe (Chrono Boost)  
  122  15:17  Probe (Chrono Boost)  
  122  15:18  Unknown  
  123  15:21  Pylon  
  123  15:22  Probe (Chrono Boost)  
  123  15:23  Pylon  
  123  15:25  Pylon  
  124  15:34  Probe (Chrono Boost)  
  102  15:51  Legionnaire x3  
  102  15:56  Legionnaire  
  114  16:13  Legionnaire  
  117  16:22  Adept x2  
  117  16:26  Adept  
  123  16:47  Protoss Shields Level 2  
  121  17:06  Legionnaire  
  121  17:07  Legionnaire x4  
  80  18:11  Adept x5  
  80  18:12  Adept  
  80  18:13  Unknown  
  74  18:41  Adept x3  
  74  18:42  Adept x3  
  72  19:16  Legionnaire x3  
  72  19:17  Legionnaire x3  
  90  20:05  Legionnaire x3  
  90  20:06  Legionnaire x3  
  86  20:51  Legionnaire x4  
  86  20:52  Legionnaire x2  
  91  21:30  Legionnaire x5  
  91  21:31  Legionnaire  
  87  21:55  Legionnaire  
  87  21:56  Legionnaire x3  
Show
View Real Time Build Order
Export as new Build Order

MattBarry Protoss 

Build Orders:  

Get SALT Encoding   

  12  0:04  Probe (Chrono Boost)  
  13  0:13  Unknown  
  13  0:18  Probe (Chrono Boost)  
  14  0:33  Pylon  
  14  0:36  Probe (Chrono Boost)  
  15  0:53  Assimilator  
  15  0:58  Probe (Chrono Boost)  
  16  1:12  Probe (Chrono Boost)  
  17  1:26  Probe (Chrono Boost)  
  19  1:40  Probe (Chrono Boost)  
  19  1:54  Probe (Chrono Boost)  
  20  2:08  Probe (Chrono Boost)  
  21  2:22  Probe (Chrono Boost)  
  22  2:36  Probe (Chrono Boost)  
  23  2:50  Pylon  
  23  2:55  Gateway  
  23  3:16  Probe (Chrono Boost)  
  24  3:21  Assimilator  
  25  3:30  Probe (Chrono Boost)  
  25  4:04  Cybernetics Core  
  25  4:26  Probe (Chrono Boost)  
  27  4:40  Probe (Chrono Boost)  
  27  4:54  Probe (Chrono Boost)  
  27  4:57  Death Council  
  27  4:58  Warp Gate  
  28  5:09  Forge  
  28  5:12  Pylon  
  28  5:15  Forge  
  28  5:27  Death Council  
  28  5:29  Probe (Chrono Boost)  
  29  5:40  Pylon  
  29  5:43  Probe (Chrono Boost)  
  30  5:57  Probe (Chrono Boost)  
  31  6:07  Protoss Air Weapons Level 1, Protoss Ground Weapons Level 1  
  31  6:11  Probe (Chrono Boost)  
  31  6:16  Blood Shields  
  32  6:34  Robotics Facility  
  32  6:44  Supplicant x2  
  36  6:58  Pylon  
  36  7:41  Warp Prism  
  36  7:46  Probe (Chrono Boost)  
  35  7:54  Unknown  
  36  8:00  Probe (Chrono Boost)  
  36  8:01  Pylon  
  36  8:15  Ascendant Archives  
  36  8:17  Robotics Bay  
  36  8:21  Probe (Chrono Boost)  
  36  8:25  Supplicant x2  
  41  8:35  Gateway  
  41  8:36  Gateway  
  41  8:49  Gateway  
  41  8:54  Pylon  
  41  8:58  Pylon  
  41  9:10  Supplicant x2  
  41  9:14  Protoss Air Weapons Level 2, Protoss Ground Weapons Level 2  
  41  9:17  Probe (Chrono Boost)  
  46  9:37  Bloodshard Resonance  
  46  9:40  Soul Augmentation, Nexus  
  46  9:55  Protoss Shields Level 1  
  46  10:03  Probe (Chrono Boost)  
  47  10:17  Probe (Chrono Boost)  
  48  10:25  Gateway  
  48  10:30  Gateway  
  48  10:34  Gateway  
  48  10:41  Gateway  
  48  10:44  Gateway  
  48  10:45  Supplicant x2, Warp Prism  
  48  10:46  Supplicant x2  
  48  10:47  Supplicant x2  
  60  11:03  Probe (Chrono Boost)  
  60  11:08  Aerial Tracking  
  61  11:17  Warp Prism, Probe (Chrono Boost)  
  62  11:45  Supplicant x2  
  62  11:46  Supplicant x4  
  74  11:54  Havoc  
  74  11:55  Havoc  
  76  12:01  Slayer  
  49  13:19  Havoc  
  40  13:48  Photon Cannon  
  40  13:51  Photon Cannon  
  40  13:58  Probe x2 (Chrono Boost)  
  40  13:59  Photon Cannon  
  42  14:12  Probe x2 (Chrono Boost)  
  44  14:26  Probe x2 (Chrono Boost)  
  46  14:39  Robotics Facility, Probe (Chrono Boost)  
  47  14:41  Robotics Facility  
  47  14:43  Robotics Facility  
  47  14:46  Robotics Facility  
  47  14:49  Robotics Facility  
  47  14:56  Rapid Power Cycling  
  43  15:15  Unknown  
  43  15:25  Assimilator  
  43  15:28  Assimilator  
  43  15:38  Pylon  
  43  15:42  Pylon  
  43  15:47  Pylon  
  43  15:53  Pylon  
  43  15:55  Warp Prism x2  
  43  15:56  Warp Prism  
  49  16:03  Protoss Ground Weapons Level 3, Protoss Air Weapons Level 3  
  49  16:13  Supplicant x4  
  49  16:19  Supplicant x2  
  61  16:21  Supplicant x2  
  61  16:22  Supplicant x2  
  69  16:44  Warp Prism  
  67  17:14  Supplicant x2  
  67  17:15  Supplicant x8  
  67  17:16  Supplicant x4  
  89  18:08  Havoc  
  89  18:09  Havoc  
  75  18:13  Slayer  
  75  18:16  Supplicant x2  
  75  18:17  Supplicant x2  
  71  18:26  Unknown  
  55  18:55  Wraithwalker  
  55  19:03  Supplicant x4  
  55  19:07  Wraithwalker  
  74  19:33  Probe (Chrono Boost)  
  74  19:36  Probe (Chrono Boost)  
  76  19:47  Probe (Chrono Boost)  
  78  19:53  Probe (Chrono Boost)  
  78  20:01  Probe (Chrono Boost)  
  80  20:10  Probe (Chrono Boost)  
  80  20:14  Probe (Chrono Boost)  
  81  20:27  Probe (Chrono Boost)  
  61  21:34  Unknown  
  61  21:41  Supplicant x4  
  61  21:43  Supplicant x2  
  61  21:44  Supplicant x6  
  85  22:07  Supplicant x4  
  85  22:08  Supplicant x2  
  117  22:28  Pylon  
  117  22:30  Pylon  
  117  22:34  Pylon  
  117  22:35  Pylon  
Tags
 
Commander
AlarakFenix
League
Gold
Matchup
Co-op
Replay Pack
Multiplayer
Add a new tag
Caveats
  • Supply blocks, unpowered buildings, or Contaminate may cause inaccurate times.
  • Supply counts are checked every 10 seconds.